 Dungeon Crawl Stone Soup version 0.28.0-62-gf88900778d (webtiles) character file.

Game seed: 7296116789050817007

36379 cbfl8 the Severer (level 13, -14/116 HPs)
             Began as a Minotaur Berserker on June 22, 2023.
             Was a High Priest of Trog.
             Demolished by a red ugly thing (18 damage)
             ... on level 14 of the Dungeon.
             The game lasted 00:19:51 (20705 turns).

cbfl8 the Severer (Minotaur Berserker)             Turns: 20705, Time: 00:19:51

Health: -14/116    AC: 26    Str: 27    XL:     13   Next: 52%
Magic:  0/12       EV:  9    Int:  4    God:    Trog [*****.]
Gold:   847        SH:  6    Dex: 16    Spells: 12/12 levels left

rFire   . . .      SeeInvis .   z - +9 war axe (protect)
rCold   . . .      Faith    .   o - +0 buckler
rNeg    . . .      Spirit   +   q - +0 plate armour
rPois   .          Reflect  .   (helmet restricted)
rElec   .          Harm     .   h - +0 cloak
rCorr   .          Rampage  .   G - +0 pair of gloves
Will    ++...                   m - +0 pair of boots
Stlth   +.........              A - amulet of guardian spirit
HPRegen 1.29/turn               y - +6 ring of strength
MPRegen 0.13/turn               a - ring of flight

@: strong-willed, under a protective aura, on berserk cooldown, flying,
regenerating, studying Stealth
A: horns 2, retaliatory headbutt
a: Renounce Religion, Berserk, Trog's Hand, Brothers in Arms


You were on level 14 of the Dungeon.
You worshipped Trog.
Trog was extremely pleased with you.
You visited 1 branch of the dungeon, and saw 14 of its levels.
You also visited: Bailey.

You collected 847 gold pieces.

Inventory:

Hand Weapons
 z - a +9 war axe of protection (weapon)
Armour
 h - a +0 cloak (worn)
 m - a +0 pair of boots (worn)
 o - a +0 buckler (worn)
 q - a +0 plate armour (worn)
 G - a +0 pair of gloves (worn)
Jewellery
 a - a ring of flight (right hand)
 y - a +6 ring of strength (left hand)
 A - an amulet of guardian spirit (around neck)
 N - a ring of see invisible
Wands
 s - a wand of mindburst (10) (quivered)
 x - a wand of flame (36)
 B - a wand of polymorph (11)
 H - a wand of acid (4)
 J - a wand of charming (6)
 K - a wand of paralysis (3)
Scrolls
 c - 4 scrolls of immolation
 e - 3 scrolls of teleportation
 f - 2 scrolls of blinking
 g - 4 scrolls of fear
 j - 7 scrolls of noise
 k - 2 scrolls of enchant weapon
 t - a scroll of summoning
 u - 3 scrolls of fog
 v - 4 scrolls of enchant armour
 D - a scroll of silence
 E - a scroll of holy word
Potions
 b - 3 potions of curing
 d - 3 potions of resistance
 i - 3 potions of magic
 l - a potion of mutation {unknown}
 n - a potion of lignification {unknown}
 p - a potion of might {unknown}
 r - 2 potions of flight {unknown}
 w - a potion of attraction {unknown}
 C - a potion of haste {unknown}
 F - a potion of degeneration {unknown}
 I - a potion of invisibility {unknown}
 L - 2 potions of heal wounds


   Skills:
 + Level 11.0 Fighting
 + Level 15.9 Axes
 + Level 11.6 Armour
 + Level 3.8 Dodging
 * Level 11.7 Stealth
 + Level 6.9 Shields
 * Level 8.5 Evocations


You had 12 spell levels left.
You didn't know any spells.
Your spell library was empty.

Dungeon Overview and Level Annotations

Branches:
Dungeon (14/15)            Temple (0/1) D:7            Lair (0/6) D:9
    Orc (0/2) D:9          Vaults (0/5) D:13         Bailey (visited)

Altars:
Dithmenos
Elyvilon
Fedhas
Gozag
Kikubaaqudgha
Makhleb
Qazlal
Trog
Xom

Shops:
D:4 (

Annotations:
D:10 1 runed translucent door, Coron's ghost, novice DDDe


Innate Abilities, Weirdness & Mutations

You have a pair of horns on your head.
You reflexively headbutt those who attack you in melee.


Message History

The troll claws you but does no damage.
The red ugly thing kicks you but does no damage.
The tengu warrior hits you with a +0 great mace!
* * * LOW HITPOINT WARNING * * *
The tengu warrior pecks you but does no damage.
The tengu warrior claws you but does no damage.
You hit the tengu warrior but do no damage.
The tengu warrior is heavily wounded.
You completely miss the red ugly thing. You closely miss the troll.
The troll bites you but does no damage. The troll barely misses you.
The troll claws you but does no damage.
Unknown command.
You slash the tengu warrior!
The tengu warrior is heavily wounded.
You slash the red ugly thing! You hit the troll.
The red ugly thing barely misses you.
The tengu warrior hits you but does no damage.
The tengu warrior pecks you but does no damage.
The tengu warrior claws you but does no damage.
The troll closely misses you. The troll claws you.
* * * LOW HITPOINT WARNING * * *
The troll barely misses you.
You slice the tengu warrior!!
You headbutt the tengu warrior, but do no damage.
The tengu warrior is almost dead.
You slash the red ugly thing! You barely miss the troll.
The tengu warrior hits you with a +0 great mace!
* * * LOW HITPOINT WARNING * * *
The tengu warrior pecks you but does no damage.
The tengu warrior barely misses you. You block the red ugly thing's attack.
You slash the tengu warrior!
You kill the tengu warrior!
Trog accepts your kill.
You closely miss the troll. You hit the red ugly thing. The troll bites you!
* * * LOW HITPOINT WARNING * * *
The troll claws you but does no damage. The troll barely misses you.
The red ugly thing kicks you.
* * * LOW HITPOINT WARNING * * *
You are engulfed in flames!!
You die...

## ..?.# ....# §
....#§§ #####.....§.
#...#...§§§.
#...#...§§§.
#...#T..§#
#..†@uE..#
#...#)...#
#####....# ......§
..≈≈..§ ≈§§≈§≈§
≈§≈§§§§ ≈§§§≈≈
§≈≈≈§§§≈§§≈§≈≈≈≈§≈
≈≈§§≈≈≈≈§
§≈≈≈≈≈###§≈§≈≈≈≈≈§#§


You could see a red ugly thing, a troll and a fire elemental.

Vanquished Creatures
  Frances (D:12)
  A broodmother (shapeshifter) (D:13)
  Erolcha (D:12)
  2 boulder beetles (D:8)
  3 centaur warriors
  5 hydras
  5 two-headed ogres
  A tengu warrior (D:14)
  Pikel (D:7)
  An orc knight (Bailey)
  16 ugly things
  3 cyclopes
  A deep elf pyromancer (D:8)
  2 slime creatures (D:14)
  A salamander (shapeshifter) (D:13)
  An eye of devastation (shapeshifter) (D:8)
  2 unseen horrors
  2 efreet (D:14)
  A komodo dragon (D:9)
  3 trolls (D:12)
  A meliai (shapeshifter) (D:13)
  A hornet (D:10)
  A wyvern (D:7)
  2 water elementals (D:13)
  2 vampires
  A wraith (D:10)
  19 yaks
  Grum (D:11)
  A steam dragon (D:8)
  4 vampire mosquitoes (D:13)
  A basilisk (D:8)
  2 acid dragons
  A water moccasin (D:7)
  2 ice beasts (D:7)
  4 sky beasts
  16 orc warriors
  2 necrophages
  4 wolves (D:11)
  An ogre (D:5)
  3 boggarts (D:14)
  14 centaurs
  A phantom (D:5)
  A lemure (D:7)
  2 bullfrogs
  4 kobold brigands
  4 scorpions
  A water moccasin zombie (D:5)
  3 wyvern zombies
  11 wights
  2 killer bees (D:8)
  4 electric eels (D:13)
  5 howler monkeys
  3 lava snakes (D:14)
  2 hounds
  Crazy Yiuf (D:2)
  6 centaur zombies
  2 orc priests
  3 jellies
  2 bullfrog skeletons
  A centaur skeleton (D:5)
  2 gnoll shamans
  3 iguanas (D:6)
  5 orc wizards
  A hound skeleton (D:4)
  Robin (D:2)
  10 adders
  11 gnolls
  A shadow imp (D:8)
  A white imp (D:8)
  A worm (D:2)
  3 dart slugs
  36 orcs
  8 bats
  11 endoplasms
  A giant cockroach (D:4)
  10 hobgoblins
  2 jackals (D:3)
  4 quokkas
  3 ball pythons
  4 frilled lizards
  17 goblins
  21 kobolds
  8 rats
358 creatures vanquished.

Vanquished Creatures (others)
  A boggart (D:14)
  8 plants
9 creatures vanquished.

Grand Total: 367 creatures vanquished

Notes
Turn   | Place    | Note
-------+----------+-------------------------------------------
     0 | D:1      | cbfl8 the Minotaur Berserker began the quest for the Orb.
     0 | D:1      | Reached XP level 1. HP: 19/19 MP: 0/0
   260 | D:1      | Reached XP level 2. HP: 14/27 MP: 1/1
   698 | D:1      | Reached skill level 4 in Axes
   698 | D:1      | Reached skill level 1 in Stealth
   706 | D:1      | Reached XP level 3. HP: 21/33 MP: 2/2
   910 | D:1      | Reached skill level 1 in Evocations
  1166 | D:1      | Found a faded altar of an unknown god.
  1167 | D:1      | Noticed an eye of devastation
  1169 | D:1      | Noticed a floating eye
  1174 | D:1      | Noticed a golden eye
  1177 | D:1      | Noticed a golden eye
  1568 | D:2      | You fall into a shaft and drop 1 floor!
  1575 | D:3      | Reached ** piety under Trog
  1781 | D:2      | Found a runed translucent door.
  1782 | D:2      | Noticed Crazy Yiuf
  1935 | D:2      | Reached XP level 4. HP: 25/40 MP: 3/3
  2553 | D:2      | Noticed Robin
  2562 | D:2      | Killed Robin
  2839 | D:2      | Killed Crazy Yiuf
  2840 | D:2      | Reached XP level 5. HP: 47/47 MP: 4/4
  3559 | D:3      | Reached skill level 5 in Axes
  4016 | D:4      | Found Dapp's Antique Weapon Emporium.
  4203 | D:4      | Found a burning altar of Makhleb.
  4203 | D:4      | Found an opulent altar of Gozag.
  4203 | D:4      | Found a shimmering altar of Xom.
  4302 | D:4      | Reached XP level 6. HP: 53/53 MP: 5/5
  4625 | D:4      | Reached *** piety under Trog
  4655 | D:5      | Entered Level 5 of the Dungeon
  4795 | D:5      | Reached skill level 6 in Axes
  4795 | D:5      | Reached XP level 7. HP: 48/60 MP: 6/6
  5285 | D:5      | Found a white marble altar of Elyvilon.
  5288 | D:5      | Found a stormy altar of Qazlal.
  5291 | D:5      | Found a shadowy altar of Dithmenos.
  5656 | D:5      | Reached skill level 5 in Fighting
  5734 | D:6      | Reached skill level 7 in Axes
  5788 | D:6      | Reached skill level 5 in Armour
  5794 | D:6      | Reached skill level 1 in Shields
  5794 | D:6      | Reached XP level 8. HP: 52/68 MP: 7/7
  6063 | D:6      | Found a blossoming altar of Fedhas.
  6696 | D:6      | Found a bloodstained altar of Trog.
  7225 | D:7      | Identified the +0 falchion of Qaciew {vorpal, rC+}
  7276 | D:7      | Found a flagged portal.
  7341 | Bailey   | Entered a bailey
  7362 | Bailey   | Reached skill level 8 in Axes
  7865 | Bailey   | Reached XP level 9. HP: 27/75 MP: 8/8
  8262 | Bailey   | Reached skill level 9 in Axes
  8394 | Bailey   | Noticed an orc knight
  8405 | Bailey   | Killed an orc knight
  8616 | D:7      | Acquired a manual of Stealth
  8702 | D:7      | Reached skill level 5 in Stealth
  8760 | D:7      | Found a staircase to the Ecumenical Temple.
  8805 | D:7      | Found an ancient bone altar of Kikubaaqudgha.
  8887 | D:7      | Noticed Pikel
  8909 | D:7      | Killed Pikel
  8910 | D:7      | Reached skill level 5 in Evocations
  8949 | D:7      | Reached skill level 10 in Axes
  8949 | D:7      | Reached XP level 10. HP: 84/84 MP: 9/9
  9570 | D:8      | Noticed a two-headed ogre
  9577 | D:8      | Killed a two-headed ogre
  9871 | D:8      | Noticed a two-headed ogre
  9871 | D:8      | Noticed a boulder beetle
  9871 | D:8      | Noticed a deep elf pyromancer
  9871 | D:8      | Noticed a boulder beetle
  9875 | D:8      | Noticed a five-headed hydra
  9876 | D:8      | Noticed an elephant
  9876 | D:8      | a culicivora changed into an elephant
  9895 | D:8      | Reached **** piety under Trog
 10070 | D:9      | Reached skill level 11 in Axes
 10359 | D:9      | Noticed a two-headed ogre
 10359 | D:9      | Noticed a two-headed ogre
 10380 | D:8      | Killed a two-headed ogre
 10490 | D:9      | Killed a two-headed ogre
 10666 | D:9      | Found a staircase to the Orcish Mines.
 10956 | D:9      | Reached XP level 11. HP: 80/92 MP: 10/10
 10972 | D:9      | Found a staircase to the Lair.
 10988 | D:9      | Reached skill level 12 in Axes
 11466 | D:8      | Killed a ten-headed hydra
 11598 | D:8      | Killed a deep elf pyromancer
 11907 | D:8      | Killed a two-headed ogre
 11911 | D:8      | Reached skill level 13 in Axes
 11927 | D:8      | Killed a boulder beetle
 12443 | D:8      | Killed a boulder beetle
 12894 | D:10     | Entered Level 10 of the Dungeon
 13071 | D:10     | Paralysed by a hornet for 2 turns
 13236 | D:10     | Noticed Coron's ghost (novice DDDe)
 13264 | D:10     | Found a runed translucent door.
 13805 | D:11     | Reached XP level 12. HP: 102/103 MP: 9/11
 14011 | D:11     | Noticed Grum
 14029 | D:11     | Killed Grum
 14030 | D:11     | Reached skill level 14 in Axes
 15132 | D:12     | Reached skill level 10 in Stealth
 15187 | D:12     | Noticed a two-headed ogre
 15194 | D:12     | Killed a two-headed ogre
 15195 | D:12     | Reached skill level 10 in Armour
 15374 | D:12     | Noticed Frances
 15376 | D:12     | Noticed Erolcha
 15389 | D:12     | Reached skill level 5 in Shields
 15392 | D:12     | Killed Erolcha
 15393 | D:12     | Killed Frances
 16380 | D:13     | Noticed a centaur warrior
 17715 | D:13     | Noticed a four-headed hydra
 18449 | D:13     | Killed a centaur warrior
 18562 | D:13     | Killed a six-headed hydra
 18563 | D:13     | Reached skill level 10 in Fighting
 18941 | D:13     | Noticed a centaur warrior
 18952 | D:13     | Killed a centaur warrior
 19201 | D:13     | Noticed an anaconda
 19201 | D:13     | a glowing orange brain changed into an anaconda
 19207 | D:13     | Noticed a broodmother
 19207 | D:13     | an anaconda changed into a broodmother
 19214 | D:13     | Killed a broodmother
 19215 | D:13     | Reached skill level 15 in Axes
 19351 | D:13     | Found a gate to the Vaults.
 19407 | D:13     | Noticed a seven-headed hydra
 19413 | D:13     | Killed a 12-headed hydra
 19414 | D:13     | Reached XP level 13. HP: 113/113 MP: 8/12
 20480 | D:14     | Reached ***** piety under Trog
 20705 | D:14     | HP: 4/116 [red ugly thing (4)]
 20705 | D:14     | Demolished by a red ugly thing

Illustrated notes

Levels and vault maps discovered:
D:1:      arrival_zaba_pyramid, layout_loops_ring,
          hellmonk_ecumenical_altar_watching_god, kennysheep_doodads,
          minmay_misc_feat_square
D:2:      layout_basic, uniq_robin, uniq_crazy_yiuf_cottage
D:3:      layout_basic
D:4:      layout_rooms, gammafunk_temple_overflow_claw, serial_shops, shop,
          chequers_serial_rivers_micro_a
D:5:      layout_loops_ring, grunt_temple_overflow_diamond
D:6:      layout_loops_ring, trog_butcher_becter, fedhas_ov_isle_minmay,
          hangedman_decor_lopped
D:7:      layout_basic, lemuel_round_altar, minmay_temple_entry_poolview,
          enter_bailey_8, uniq_pikel
D:8:      nzn_winding_woodlands_cross [nzn_winding_woodlands_5x15_pool,
          nzn_winding_woodlands_5x15_split_checker,
          nzn_winding_woodlands_5x15_pathside_ponds,
          nzn_winding_woodlands_5x15_pockets,
          nzn_winding_woodlands_15x15_killbox], layout_loops_cross,
          minmay_fractal_squares_diagonal_5
D:9:      layout_irregular_city, david_lair_shrubbed, orc_0_dummy
D:10:     layout_irregular_city, hellmonk_ghost_happy_afterlife
D:11:     layout_small_grid, uniq_grum
D:12:     layout_loops_ring, uniq_erolcha, uniq_frances
D:13:     layout_basic, david_vaults_2
D:14:     erik_rubicon_a, layout_irregular_city, nicolae_dithmenos_the_darkroom,
          evilmike_butchery

Skill      XL: |  1  2  3  4  5  6  7  8  9 10 11 12 13 |
---------------+----------------------------------------+-----
Axes           | 4 5 6 7 8 10 11 13 15 | 15.9
Stealth        | 1 2 3 4 5 8 9 11 | 11.7
Fighting       | 4 5 6 7 8 10 11 | 11.0
Evocations     | 1 2 3 4 5 6 7 8 |  8.5
Armour         | 3 4 5 6 8 9 11 | 11.6
Dodging        | 3 |  3.8
Shields        | 1 3 4 5 6 |  6.9

Action                   |  1- 3 |  4- 6 |  7- 9 | 10-12 | 13-15 || total
-------------------------+-------+-------+-------+-------+-------++-------
Melee: Hand axe          |   118 |   133 |   110 |       |       ||   361
       Headbutt          |    13 |    27 |    47 |    88 |    28 ||   203
       Punch             |     2 |     1 |       |       |       ||     3
       War axe           |       |       |    95 |   441 |   120 ||   656
Invok: Berserk           |       |     2 |     6 |    12 |     3 ||    23
       Trog's Hand       |       |       |     1 |       |     2 ||     3
Evoke: Wand              |       |       |       |    11 |       ||    11
  Use: Scroll            |       |     1 |    15 |    11 |     2 ||    29
       Potion            |       |       |     4 |       |       ||     4
 Stab: Sleeping          |     3 |     1 |       |       |       ||     4
Armor: Animal skin       |     6 |       |       |       |       ||     6
       Ring mail         |    22 |    27 |       |       |       ||    49
       Scale mail        |       |    22 |    11 |       |       ||    33
       Chain mail        |       |       |    89 |       |       ||    89
       Plate armour      |       |       |    19 |   352 |   133 ||   504
Dodge: Dodged            |    57 |    78 |   123 |   209 |    80 ||   547
Block: Buckler           |       |     4 |    49 |   141 |    54 ||   248
